 Dungeon Crawl Stone Soup version 0.29-a0-338-g1ff7896281 (webtiles) character file.

Game seed: 4141331243150401510

11681 HendSelp the Quickloader (level 11, 0/89 (95) HPs)
             Began as a Barachi Hunter on Apr 18, 2022.
             Was a High Priest of Okawaru.
             Slain by a boulder beetle (16 damage)
             ... on level 11 of the Dungeon.
             The game lasted 00:22:09 (10041 turns).

HendSelp the Quickloader (Barachi Hunter)          Turns: 10041, Time: 00:22:10

HP:   0/89 (95)     AC: 15    Str: 16    XL:     11   Next: 81%
MP:   0/11          EV: 17    Int:  9    God:    Okawaru [*****.]
Gold: 551           SH:  0    Dex: 29    Spells: 10/10 levels left

rFire   + + .      SeeInvis .   a - +1 hand crossbow
rCold   x . .      Faith    .   (no shield)
rNeg    + + +      Spirit   +   s - +1 ring mail "Xotunian" {rN+++ Will- Dex+8 Stlth-}
rPois   .          Reflect  .   j - +0 helmet of the Tuna {rElec rC- Regen+ Str+4}
rElec   +          Harm     .   i - +1 cloak
rCorr   .          Rampage  .   k - +2 pair of gloves
Will    .....                   (no boots)
Stlth   +.........              c - amulet of guardian spirit
HPRegen 1.04/turn               l - ring of protection from fire
MPRegen 0.12/turn               e - ring of protection from fire

@: hasted, drained, very quick
A: amphibious, slowness 1, strong legs 1, +LOS
a: Hop, Renounce Religion, Heroism, Finesse, Duel


You were on level 11 of the Dungeon.
You worshipped Okawaru.
Okawaru was extremely pleased with you.
You visited 2 branches of the dungeon, and saw 12 of its levels.
You also visited: Sewer.

You collected 551 gold pieces.

Inventory:

Hand Weapons
 a - a +1 hand crossbow (weapon)
Armour
 i - a +1 cloak (worn)
 j - the +0 helmet of the Tuna (worn) {rElec rC- Regen+ Str+4}
   (You took it off Robin on level 4 of the Dungeon)

   Str:       It affects your strength (+4).
   rC:        It makes you vulnerable to cold.
   rElec:     It insulates you from electricity.
   Regen:     It increases your rate of health regeneration.
 k - a +2 pair of gloves (worn)
 s - the +1 ring mail "Xotunian" (worn) {rN+++ Will- Dex+8 Stlth-}
   (You found it on level 3 of the Dungeon)

   Dex:       It affects your dexterity (+8).
   rN:        It renders you almost immune to negative energy.
   Will:      It decreases your willpower.
   Stlth:     It makes you less stealthy.
 A - a +1 crystal plate armour
Jewellery
 c - an amulet of guardian spirit (around neck)
 e - a ring of protection from fire (right hand)
 l - a ring of protection from fire (left hand)
 B - a ring of flight
Wands
 p - a wand of flame (39)
 x - a wand of paralysis (5)
Scrolls
 o - 5 scrolls of amnesia
 u - 2 scrolls of fog
 w - 2 scrolls of blinking
Potions
 d - a potion of berserk rage
 f - a potion of ambrosia
 g - a potion of cancellation
 h - a potion of magic
 q - 2 potions of mutation
 r - 3 potions of brilliance
 t - a potion of heal wounds {unknown}
 z - a potion of haste
Miscellaneous
 m - a phial of floods (inert)


   Skills:
 + Level 12.2 Fighting
 + Level 13.1 Crossbows
 + Level 8.5 Armour
 + Level 6.7 Dodging
 - Level 0.8 Stealth


You had 10 spell levels left.
You didn't know any spells.
Your spell library contained the following spells:

 Spells                   Type           Power      Damage    Failure   Level
 Foxfire                  Conj/Fire      0%         2x1d4     56%         1
 Shock                    Conj/Air       0%         1d3       56%         1
 Corpse Rot               Necr/Air       0%         N/A       71%         2
 Poisonous Vapours        Pois/Air       0%         N/A       71%         2
 Sublimation of Blood     Necr           0%         N/A       71%         2
 Wereblood                Tmut           0%         N/A       71%         2
 Conjure Flame            Conj/Fire      0%         6-21      90%         3
 Inner Flame              Hex/Fire       0%         N/A       90%         3
 Swiftness                Air            0%         N/A       90%         3
 Airstrike                Air            0%         N/A       100%        4
 Cause Fear               Hex            0%         N/A       100%        4
 Flame Wave               Conj/Fire      0%         2d4       100%        4
 Fulminant Prism          Conj/Hex       0%         3d6       100%        4
 Iskenderun's Mystic Bla  Conj/Tloc      0%         2d3       100%        4
 Borgnjor's Vile Clutch   Necr/Erth      0%         N/A       100%        5
 Lee's Rapid Deconstruct  Erth           0%         3d5*      100%        5
 Discord                  Hex            0%         N/A       100%        8
 Animate Dead             Necr           Unusable   N/A       N/A         4
 Death Channel            Necr           Unusable   N/A       N/A         6
 Summon Hydra             Summ           Unusable   N/A       N/A         7

Dungeon Overview and Level Annotations

Branches:
Dungeon (11/15)            Temple (1/1) D:5            Lair (0/6) D:9
    Orc (0/2) D:9           Sewer (visited)

Altars:
Ashenzari
Cheibriados
Dithmenos
Elyvilon
Fedhas
Gozag
Hepliaklqana
Kikubaaqudgha
Makhleb
Nemelex Xobeh
Okawaru
Qazlal
Ru
Sif Muna
Trog
Uskayaw
Vehumet
Wu Jian
Xom
Yredelemnul
Zin
The Shining One
Beogh

Shops:
D:6 *   D:7 :


Innate Abilities, Weirdness & Mutations

You are amphibious.
You cover ground slowly.
You can hop short distances.
You have an extended range of vision and can be seen from far away.


Message History

Aim: a boulder beetle (severely wounded, 93% to hit)
You shoot a bolt. The bolt hits the boulder beetle!
The boulder beetle is almost dead.
The boulder beetle bites you!
* * * LOW HITPOINT WARNING * * *
Shoot: a) +1 hand crossbow
Press: ? - help, Q - select action, (/) - cycle Shift-Dir - straight line, f/p - boulder beetle
Aim: a boulder beetle (almost dead, 93% to hit)
You shoot a bolt. The bolt hits the boulder beetle.
The boulder beetle is almost dead.
The boulder beetle bites you!
* * * LOW HITPOINT WARNING * * *
Shoot: a) +1 hand crossbow
Press: ? - help, Q - select action, (/) - cycle Shift-Dir - straight line, f/p - boulder beetle
Aim: a boulder beetle (almost dead, 93% to hit)
You shoot a bolt.
The bolt hits the boulder beetle but does no damage.
The boulder beetle is almost dead.
Unknown command.
Unknown command.
Unknown command.
Unknown command.
Unknown command.
Unknown command.
Shoot: a) +1 hand crossbow
Press: ? - help, Q - select action, (/) - cycle Shift-Dir - straight line, f/p - boulder beetle
Aim: a boulder beetle (almost dead, 93% to hit)
You shoot a bolt. The bolt hits the boulder beetle.
The boulder beetle is almost dead.
The boulder beetle closely misses you.
Unknown command.
Unknown command.
Shoot: a) +1 hand crossbow
Press: ? - help, Q - select action, (/) - cycle Shift-Dir - straight line, f/p - boulder beetle
Aim: a boulder beetle (almost dead, 93% to hit)
You shoot a bolt.
The bolt hits the boulder beetle but does no damage.
The boulder beetle is almost dead.
The boulder beetle bites you!!
You die...

...#.....###........# ...
#...#...# #........#
.....#....)..# #...####.#
....#....#....# #...# #.#
...............# #...# #.#
...##....#...).# #...# #.#
...............# #...# #.#
.##....#.#..#..###...####.#
.....#......#..)@BK.......#
...#........####+###......#
.#..........##.....#......#
............##.....#......#
##..##.....##.....#.#....#
................#.#....#
....[...........'......#
.........##K....#......#
.........##.....#......#


You could see a boulder beetle and a kobold.

Vanquished Creatures
  2 two-headed ogres
  An unseen horror (D:11)
  3 kobold demonologists
  Grinder (D:4)
  2 trolls
  Sigmund (D:2)
  A shadow (D:10)
  3 wraiths (D:11)
  4 yaks (D:10)
  4 fire bats (D:9)
  A wyvern (D:9)
  2 steam dragons (D:8)
  4 vampire mosquitoes (D:11)
  3 wargs (D:9)
  An acid dragon (D:8)
  2 water moccasins (D:6)
  A hell hound (D:9)
  Duvessa (D:5)
  8 orc warriors
  A black bear (D:6)
  An ice beast (D:7)
  2 ogres
  2 centaurs (D:8)
  17 kobold brigands
  7 bullfrogs
  A gnoll sergeant (D:10)
  2 scorpions
  Blork the orc (D:4)
  9 wights
  Dowan (D:5)
  4 killer bees (D:7)
  A jelly (D:6)
  A howler monkey (D:5)
  2 lava snakes (D:9)
  3 gnoll shamans
  3 hounds (D:5)
  8 orc priests
  Crazy Yiuf (D:7)
  2 iguanas
  11 orc wizards
  Robin (D:4)
  20 gnolls
  15 adders
  A shadow imp (D:6)
  3 white imps
  An ufetubus (D:3)
  2 worms (D:3)
  3 dart slugs
  49 orcs
  5 bats
  12 endoplasms
  16 giant cockroaches
  11 hobgoblins
  6 jackals
  31 kobolds
  12 quokkas
  15 ball pythons
  9 frilled lizards
  12 goblins
  5 rats
  3 fire vortices (D:9)
357 creatures vanquished.

Vanquished Creatures (others)
  A kobold brigand (D:8)
  An orc wizard (D:9)
  A gnoll (D:9)
  An orc (D:9)
  A kobold (D:9)
5 creatures vanquished.

Grand Total: 362 creatures vanquished

Notes
Turn   | Place    | Note
-------+----------+-------------------------------------------
     0 | D:1      | HendSelp the Barachi Hunter began the quest for the Orb.
     0 | D:1      | Reached XP level 1. HP: 17/17 MP: 1/1
   180 | D:1      | Reached XP level 2. HP: 23/23 MP: 2/2
   609 | D:1      | Reached XP level 3. HP: 28/28 MP: 3/3
  1177 | D:2      | Reached skill level 5 in Crossbows
  1238 | D:2      | Noticed Sigmund
  1320 | D:2      | Killed Sigmund
  1321 | D:2      | Reached skill level 6 in Crossbows
  1321 | D:2      | Reached XP level 4. HP: 23/35 MP: 4/4
  1321 | D:2      | Reached XP level 5. HP: 27/41 MP: 5/5
  1473 | D:2      | Identified the +1 robe of Death Resistance {rElec rPois rN+
                  | Slay+3}
  1476 | D:2      | Reached XP level 6. HP: 47/47 MP: 6/6
  1886 | D:2      | Found a bloodstained altar of Trog.
  2112 | D:3      | Found a faded altar of an unknown god.
  2290 | D:3      | Found a glowing drain.
  2294 | Sewer    | Entered a sewer
  2692 | Sewer    | Reached skill level 7 in Crossbows
  2692 | Sewer    | Reached XP level 7. HP: 42/54 MP: 4/7
  2991 | D:3      | Found a broken altar of Ashenzari.
  3049 | D:3      | Identified the +1 ring mail "Xotunian" {rN+++ Will- Dex+8
                  | Stlth-}
  3419 | D:4      | Identified the +0 helmet of the Tuna {rElec rC- Regen+
                  | Str+4}
  3419 | D:4      | Noticed Robin
  3426 | D:4      | Noticed Blork the orc
  3446 | D:4      | Killed Blork the orc
  3454 | D:4      | Killed Robin
  3748 | D:4      | Noticed Grinder
  3763 | D:4      | Killed Grinder
  3764 | D:4      | Reached skill level 5 in Fighting
  3764 | D:4      | Reached skill level 8 in Crossbows
  3764 | D:4      | Reached XP level 8. HP: 62/62 MP: 8/8
  4076 | D:5      | Entered Level 5 of the Dungeon
  4128 | D:5      | Noticed Duvessa
  4130 | D:5      | Noticed Dowan
  4148 | D:5      | Killed Duvessa
  4154 | D:5      | Killed Dowan
  4439 | D:5      | Found a staircase to the Ecumenical Temple.
  4508 | Temple   | Entered the Ecumenical Temple
  4712 | Temple   | Became a worshipper of Warmaster Okawaru
  4907 | D:6      | Reached skill level 9 in Crossbows
  5229 | D:6      | Reached XP level 9. HP: 69/69 MP: 9/9
  5339 | D:6      | Noticed a two-headed ogre
  5359 | D:6      | Killed a two-headed ogre
  5359 | D:6      | Reached * piety under Okawaru
  5359 | D:6      | Reached ** piety under Okawaru
  5360 | D:6      | Reached skill level 10 in Crossbows
  5360 | D:6      | Reached skill level 5 in Armour
  5479 | D:6      | Identified the +4 war axe "Kovero" {protect, rF+ rC- Str+2
                  | Int+2}
  5525 | D:6      | Found Sifaty's Serpentskin Sales.
  5767 | D:7      | Noticed a kobold demonologist
  5767 | D:7      | Noticed a kobold demonologist
  5770 | D:7      | Noticed an orange demon
  5777 | D:7      | Noticed a smoke demon
  5781 | D:7      | Killed a kobold demonologist
  5790 | D:7      | Noticed a sun demon
  5790 | D:7      | Noticed a red devil
  5799 | D:7      | Noticed a hellwing
  5803 | D:7      | Killed a kobold demonologist
  5804 | D:7      | Reached skill level 11 in Crossbows
  5817 | D:6      | Reached *** piety under Okawaru
  5884 | D:7      | Reached XP level 10. HP: 72/80 MP: 10/10
  6065 | D:7      | Found Ocrus's Book Shop.
  6132 | D:7      | Found a runed translucent door.
  6133 | D:7      | Noticed Crazy Yiuf
  6758 | D:7      | Killed Crazy Yiuf
  7064 | D:8      | Reached **** piety under Okawaru
  7577 | D:9      | Reached skill level 12 in Crossbows
  7655 | D:8      | Received a gift from Okawaru
  7656 | D:8      | Reached skill level 5 in Dodging
  7755 | D:9      | Found a staircase to the Lair.
  7893 | D:9      | Reached skill level 10 in Fighting
  7908 | D:9      | Received a gift from Okawaru
  7949 | D:9      | Reached XP level 11. HP: 46/90 MP: 9/11
  8032 | D:9      | Reached ***** piety under Okawaru
  8618 | D:9      | Found a staircase to the Orcish Mines.
  8826 | D:10     | Entered Level 10 of the Dungeon
  9066 | D:10     | Noticed a two-headed ogre
  9074 | D:10     | Killed a two-headed ogre
  9074 | D:10     | Received a gift from Okawaru
  9711 | D:11     | Reached skill level 13 in Crossbows
  9941 | D:11     | Noticed a boulder beetle
 10041 | D:11     | Slain by a boulder beetle

Illustrated notes

Levels and vault maps discovered:
D:1:      minmay_arrival_five_plusses, layout_basic, chequers_mini_garden
D:2:      layout_basic, kennysheep_flooded_box, minmay_liquid_box, uniq_sigmund
D:3:      layout_rooms, cheibrodos_ashenzari_chains,
          chequers_ecumenical_altar_simple, gup_sewer_entry_spiral
D:4:      layout_rooms, uniq_robin, uniq_blork_the_orc, uniq_grinder
D:5:      layout_cave_pools, lemuel_temple_firewalk_b, uniq_duvessa
D:6:      layout_gridville, minivault_11, guppyfry_shop_venom
D:7:      layout_loops_ring, serial_shops, shop, minmay_door_square,
          uniq_crazy_yiuf_cottage
D:8:      layout_cave_pools, chequers_serial_rivers_micro_b
D:9:      layout_basic, erik_lair_orcish_takeover, david_orc_5, special_room
          [special_room_kobold], serial_park_tiny_1, hangedman_incinerator
D:10:     layout_roguey
D:11:     layout_stronghold, hangedman_decor_peaks_small,
          hangedman_tell_no_tales
Temple:   mainiacjoe_temple_archimedes_tessellation

Skill      XL: |  1  2  3  4  5  6  7  8  9 10 11 |
---------------+----------------------------------+-----
Crossbows      | 6 7 8 9 11 12 13 | 13.1
Fighting       | 3 4 5 6 7 10 12 | 12.2
Armour         | 2 3 4 6 7 8 |  8.5
Dodging        | 3 4 5 6 |  6.7
Stealth        | |  0.8

Action                   |  1- 3 |  4- 6 |  7- 9 | 10-12 || total
-------------------------+-------+-------+-------+-------++-------
Melee: Unarmed           |       |       |       |     6 ||     6
       Hand crossbow     |       |       |       |     1 ||     1
 Fire: Hand crossbow     |    97 |   192 |   344 |   912 ||  1545
Throw: Throwing net      |       |       |       |     2 ||     2
 Abil: Hop               |     2 |       |     5 |     4 ||    11
Evoke: Phial of floods   |       |       |     1 |     1 ||     2
       Wand              |       |       |       |    11 ||    11
  Use: Scroll            |     1 |     2 |     9 |    16 ||    28
       Potion            |       |       |     4 |     8 ||    12
 Stab: Held in net/web   |       |       |       |     1 ||     1
       Paralysed         |       |       |       |     1 ||     1
Armor: Leather armour    |     8 |    37 |     1 |       ||    46
       Ring mail         |       |       |    90 |   277 ||   367
       Skin              |       |       |       |    38 ||    38
Dodge: Dodged            |    28 |    91 |   143 |   616 ||   878

Table legend: (Time is in decaauts)
 A = Elapsed time spent in this place.
 B = Non-inter-level travel time spent in this place.
 C = Inter-level travel time spent in this place.
 D = Time resting spent in this place.
 E = Time spent auto-exploring this place.
 F = Levels seen in this place.
 G = Mean time per level.
                   A        B        C        D        E       F      G
               +--------+--------+--------+--------+--------+-----+--------+
         Total |  11452 |  10702 |    750 |    205 |   7968 |  13 |  880.9 |
       Dungeon |  10468 |   9823 |    645 |    205 |   7303 |  11 |  951.6 |
        Temple |    305 |    200 |    105 |      0 |    178 |   1 |  305.0 |
         Sewer |    678 |    678 |      0 |      0 |    486 |   1 |  678.0 |
               +--------+--------+--------+--------+--------+-----+--------+

Top non-repeatable levels by time:
     D:9: 1341 daAuts
     D:1: 1273 daAuts
     D:7: 1175 daAuts
     D:6: 1096 daAuts
     D:2: 1076 daAuts
     D:8: 921 daAuts
    D:10: 918 daAuts
     D:4: 852 daAuts
     D:3: 759 daAuts
   Sewer: 678 daAuts
     D:5: 619 daAuts
    D:11: 435 daAuts
  Temple: 305 daAuts
